 Dungeon Crawl Stone Soup version 0.19.0-9-gfd783f2 (webtiles) character file.

259 MDvedh the Skirmisher (level 6, -4/82 HPs)
             Began as a Hill Orc Wizard on Nov 7, 2016.
             Slain by a worker ant (5 damage)
             ... on level 3 of the Dungeon.
             The game lasted 00:08:20 (3892 turns).

MDvedh the Skirmisher (Hill Orc Wizard)             Turns: 3892, Time: 00:08:20

Health: -4/82      AC: 23    Str: 10    XL:     6   Next: 17%
Magic:  0/9        EV:  2    Int: 18    God:
Gold:   100        SH:  0    Dex:  9    Spells: 2 memorised, 6 levels left

rFire  . . .     SeeInvis .     x - +0 spear
rCold  . . .     Gourm    .     (armour currently unavailable)
rNeg   + + +     Faith    .     (no shield)
rPois  +         Spirit   +     (helmet currently unavailable)
rElec  .         Reflect  .     (cloak currently unavailable)
rCorr  .         Harm     .     (gloves currently unavailable)
MR     .....     NoTele   +     (boots currently unavailable)
Stlth  ++........               l - amulet of guardian spirit
                                b - -2 ring of strength (curse)
                                o - ring of positive energy

@: lethally poisoned (-4 -> -6), tree-form (expiring)
A: no striking features
a: no special abilities


You were on level 3 of the Dungeon.
You were not hungry.
You were a tree.
You visited 1 branch of the dungeon, and saw 4 of its levels.

You collected 100 gold pieces.

Inventory:

Hand Weapons
 x - a +0 spear (weapon)
Armour
 a - a +0 robe (melded)
 h - a +0 chain mail
 p - a +0 cloak (melded)
 y - a +2 helmet (melded)
Jewellery
 b - a cursed -2 ring of strength (right branch)
 e - an uncursed ring of fire
 k - an uncursed ring of magical power
 l - an amulet of guardian spirit (around neck)
 o - a ring of positive energy (left branch)
 s - an uncursed ring of magical power
Scrolls
 f - a scroll of amnesia
 g - a scroll of teleportation
 m - a scroll of enchant armour
 u - 2 scrolls of remove curse
 D - a scroll of fog
Potions
 i - a potion of curing {unknown}
 n - 2 potions of invisibility
 r - a potion of flight
 w - 2 potions of resistance
 z - a potion of might
 A - a potion of cancellation {unknown}
 B - a potion of degeneration {unknown}
Books
 c - a book of Minor Magic

   Spells                             Type                      Level
   a - Magic Dart                     Conjuration                  1
   b - Blink                          Translocation                2
   c - Call Imp                       Summoning                    2
   d - Repel Missiles                 Charms/Air                   2
   e - Slow                           Hexes                        2
   f - Conjure Flame                  Conjuration/Fire             3
   g - Mephitic Cloud                 Conjuration/Poison/Air       3
Comestibles
 d - a bread ration
 j - 2 beef jerkies
 q - 3 meat rations
 t - 4 fruits


   Skills:
 + Level 4.8 Fighting
 + Level 4.3 Armour
 - Level 1.5 Dodging
 - Level 1.5 Stealth
 - Level 2.4 Spellcasting
 - Level 1.0 Conjurations
 - Level 1.0 Summonings
   Level 0.7 Translocations


You had 6 spell levels left.
You knew the following spells:

 Your Spells              Type           Power        Failure   Level  Hunger
a - Magic Dart            Conj           #...         12%         1    #......
b - Call Imp              Summ           #.......     17%         2    ##.....


Dungeon Overview and Level Annotations

Branches:
Dungeon (4/15)
 Temple: D:4-7

Altars:
Nemelex Xobeh
Qazlal
Uskayaw

Annotations:
D:4 ReniFell's ghost, amateur VSFi


Message History

The worker ant bites you but does no damage.
You barely miss the worker ant.
The worker ant is heavily wounded.
You feel sick.
The worker ant bites you but does no damage.
The worker ant bites you.
* * * LOW HITPOINT WARNING * * *
You closely miss the worker ant.
The worker ant is heavily wounded.
You feel sick.
The worker ant bites you but does no damage.
You hit the worker ant but do no damage.
The worker ant is heavily wounded.
The worker ant bites you.
* * * LOW HITPOINT WARNING * * *
You hit the worker ant.
The worker ant is heavily wounded.
* * * LOW HITPOINT WARNING * * *
You feel sick. The worker ant bites you.
You die...

### ### ##.#
###########.# ##.#
#.......>...#
##.#####.#########.#
##.......#########.#
##...............#.#
#######..........#.#
......#<...#######.#
................♣..#####
....#.#.###.#..a.......#
#...#.#.....#.##.#####.#
#...#.#####.#.##.# #.#
#...#.# #.#.##.# #.#
#...#.# #.#.##.# #.#
......# #.#.#..# #.#
##.#### #.#.#.## #.#
##.# #.#.#.# #.#


You could see a worker ant.

Vanquished Creatures
  A vampire bat (D:3)
  A howler monkey (D:4)
  3 adders
  A worm (D:4)
  2 dart slugs (D:1)
  3 fire bats (D:3)
  3 orcs (D:3)
  2 spectral bats (D:3)
  21 bats
  3 bat skeletons (D:3)
  A bat zombie (D:3)
  5 giant cockroaches
  4 goblins
  12 hobgoblins
  A bat simulacrum (D:3)
  6 frilled lizards
  5 kobolds
  6 rats
80 creatures vanquished.

Notes
Turn   | Place    | Note
-------+----------+-------------------------------------------
     0 | D:1      | MDvedh the Hill Orc Wizard began the quest for the Orb.
     0 | D:1      | Reached XP level 1. HP: 14/14 MP: 3/3
   249 | D:1      | Reached skill level 1 in Fighting
   249 | D:1      | Reached skill level 1 in Armour
   251 | D:1      | Reached XP level 2. HP: 16/23 MP: 0/5
  1047 | D:1      | Reached XP level 3. HP: 23/29 MP: 3/6
  2045 | D:2      | Reached XP level 4. HP: 37/37 MP: 7/7
  2085 | D:2      | Learned a level 2 spell: Call Imp
  2172 | D:2      | Found a stormy altar of Qazlal.
  2434 | D:3      | Found a hide-covered altar of Uskayaw.
  2751 | D:3      | Found a sparkling altar of Nemelex Xobeh.
  3050 | D:3      | Reached XP level 5. HP: 44/45 MP: 1/8
  3542 | D:4      | Noticed ReniFell's ghost (amateur VSFi)
  3862 | D:4      | Reached XP level 6. HP: 26/55 MP: 0/9
  3891 | D:3      | HP: 2/82 [worker ant (4)]
  3892 | D:3      | Slain by a worker ant

Skill      XL: |  1  2  3  4  5 |
---------------+----------------+-----
Fighting       | 1 2 3 4 |  4.8
Armour         | 1 2 3 4 |  4.3
Dodging        | |  1.5
Stealth        | |  1.5
Spellcasting   | |  2.4
Conjurations   | |  1.0
Summonings     | |  1.0
Translocations | |  0.7

Action                   |  1- 3 |  4- 6 || total
-------------------------+-------+-------++-------
Melee: Unarmed           |    42 |       ||    42
       Spear             |       |   202 ||   202
 Cast: Magic Dart        |    84 |    63 ||   147
  Use: Potion            |     1 |     1 ||     2
       Scroll            |     6 |     7 ||    13
 Stab: Sleeping          |       |     5 ||     5
  Eat: Chunk             |     4 |     4 ||     8
       Bread ration      |       |     1 ||     1
Armor: Robe              |    21 |   133 ||   154
       Skin              |       |    16 ||    16
Dodge: Dodged            |    63 |   243 ||   306
